 Dungeon Crawl Stone Soup version 0.22.1-1-ga44c0e5 (webtiles) character file.

799 dvd the Skirmisher (level 7, -2/75 HPs)
             Began as an Ogre Fighter on Oct 22, 2018.
             Slain by Menkaure (22 damage)
             ... on level 5 of the Dungeon.
             The game lasted 00:08:52 (5365 turns).

dvd the Skirmisher (Ogre Fighter)                   Turns: 5365, Time: 00:08:53

Health: -2/75      AC:  3    Str: 21    XL:     7   Next: 90%
Magic:  7/7        EV:  9    Int:  9    God:
Gold:   213        SH:  9    Dex: 10    Spells: 6/6 levels left

rFire    . . .     SeeInvis .   z - +2 hand axe (freeze)
rCold    + + .     Gourm    .   c - +0 shield
rNeg     . . .     Faith    .   b - +0 robe
rPois    .         Spirit   .   (helmet restricted)
rElec    .         Reflect  .   (no cloak)
rCorr    .         Harm     .   (gloves unavailable)
MR       .....                  (boots unavailable)
Stlth    +.........             (no amulet)
HPRegen  0.22/turn              g - ring of protection from cold
MPRegen  0.10/turn              A - ring of protection from cold

@: no status effects
A: large, unfitting armour, tough skin 1
a: no special abilities


You were on level 5 of the Dungeon.
You were not hungry.

You visited 1 branch of the dungeon, and saw 5 of its levels.

You collected 213 gold pieces.

Inventory:

Hand Weapons
 a - a +0 war axe
 n - a +1 dagger of draining
 o - a +2 dagger of venom
 s - a +0 morningstar
 z - a +2 hand axe of freezing (weapon)
Missiles
 p - 6 javelins (quivered)
 y - 5 tomahawks
Armour
 b - a +0 robe (worn)
 c - a +0 shield (worn)
Jewellery
 g - a ring of protection from cold (left hand)
 A - a ring of protection from cold (right hand)
Scrolls
 d - 2 scrolls of enchant armour {unknown}
 e - 6 scrolls of teleportation {unknown}
 h - 8 scrolls of identify {unknown}
 k - a scroll of amnesia {unknown}
 l - a scroll of fear {unknown}
 m - 2 scrolls of immolation
 t - 9 scrolls of remove curse {unknown}
 v - 3 scrolls of fog {unknown}
 C - 2 scrolls of magic mapping {unknown}
Potions
 i - a potion of brilliance {unknown}
 j - a potion of resistance {unknown}
 q - a potion of mutation {unknown}
 r - a potion of cancellation {unknown}
 u - a potion of flight {unknown}
 w - a potion of lignification {unknown}
 B - a potion of experience {unknown}
 D - a potion of haste {unknown}
Comestibles
 f - 10 rations
 E - 2 chunks of flesh


   Skills:
 + Level 6.3 Fighting
 + Level 5.9 Axes
 + Level 0.5 Throwing
 + Level 4.0 Dodging
 + Level 0.2 Stealth
 + Level 4.4 Shields


You had 6 spell levels left.
You didn't know any spells.
Your spell library was empty.

Dungeon Overview and Level Annotations

Branches:
Dungeon (5/15)
 Temple: D:4-7

Altars:
Ashenzari
Kikubaaqudgha
Trog

Annotations:
D:5 Menkaure


Innate Abilities, Weirdness & Mutations

You are too large for most types of armour.
You have tough skin. (AC +1)


Message History

You hit Menkaure.
Menkaure is moderately damaged.
Menkaure hits you!
Your shield prevents you from hitting Menkaure.
Menkaure is moderately damaged.
Menkaure hits you!!
* * * LOW HITPOINT WARNING * * *
You hit Menkaure.
Menkaure is heavily damaged.
Menkaure hits you!
* * * LOW HITPOINT WARNING * * *
You feel much better.
Unknown command.
You hit Menkaure.
Menkaure is heavily damaged.
Menkaure barely misses you.
You hit Menkaure but do no damage.
Menkaure is heavily damaged.
Menkaure hits you!!
You die...

#............# #..(...##
##...........# #.......#
##..........# #........
###......... #.......
####...... #......#
#..#### #......#
#######..# # ###....M#
#....##..# ##
.......@####......#.###.
..........#.........##..
#####.......>...........
#######............#
#...........##
###.......### ###..####
####


You could see Menkaure.

Vanquished Creatures
  The ghost of 1player the Carver, an amateur GnWn of Ashenzari (D:3)
  A scorpion (D:5)
  A crimson imp (D:5)
  A hound (D:5)
  A centaur zombie (D:5)
  A centaur skeleton (D:5)
  2 orc priests (D:4)
  A bullfrog skeleton (D:4)
  A worker ant (D:5)
  3 iguanas
  An orc wizard (D:5)
  A hound skeleton (D:4)
  3 gnolls (D:4)
  5 adders
  2 worms (D:2)
  3 dart slugs
  6 leopard geckos
  17 orcs
  6 giant cockroaches
  10 goblins
  4 hobgoblins
  4 jackals (D:3)
  8 kobolds
  A ball python (D:3)
  4 bats
  2 frilled lizards (D:4)
  A jackal skeleton (D:4)
  A leopard gecko skeleton (D:4)
  11 rats
103 creatures vanquished.

Vanquished Creatures (others)
  A plant (D:4)
1 creature vanquished.

Grand Total: 104 creatures vanquished

Notes
Turn   | Place    | Note
-------+----------+-------------------------------------------
     0 | D:1      | dvd the Ogre Fighter began the quest for the Orb.
     0 | D:1      | Reached XP level 1. HP: 24/24 MP: 1/1
   105 | D:1      | Reached XP level 2. HP: 30/32 MP: 2/2
   980 | D:2      | Reached XP level 3. HP: 36/40 MP: 3/3
  1537 | D:2      | HP: 2/40 [poisoned by an adder]
  1877 | D:2      | Reached XP level 4. HP: 49/49 MP: 4/4
  2197 | D:3      | Found a bloodstained altar of Trog.
  2858 | D:3      | Reached XP level 5. HP: 55/55 MP: 5/5
  3266 | D:4      | Found an ancient bone altar of Kikubaaqudgha.
  3278 | D:4      | Found a runed door.
  3280 | D:4      | Noticed 1player's ghost (amateur GnWn)
  3589 | D:3      | Killed 1player's ghost
  3589 | D:3      | Reached skill level 5 in Fighting
  3589 | D:3      | Reached skill level 5 in Axes
  3589 | D:3      | Reached XP level 6. HP: 30/66 MP: 6/6
  3965 | D:4      | Reached XP level 7. HP: 59/72 MP: 7/7
  4069 | D:4      | Found a shattered altar of Ashenzari.
  4073 | D:4      | Saw a vision of the Swamp and the Snake Pit.
  4073 | D:4      | Noticed a mana viper
  4073 | D:4      | Noticed a naga
  4073 | D:4      | Noticed an anaconda
  4073 | D:4      | Noticed a naga
  4073 | D:4      | Noticed an anaconda
  4073 | D:4      | Noticed an alligator
  4073 | D:4      | Noticed an alligator
  4073 | D:4      | Noticed a hornet
  4238 | D:4      | Reached skill level 6 in Fighting
  4299 | D:5      | Entered Level 5 of the Dungeon
  5353 | D:5      | Noticed Menkaure
  5362 | D:5      | HP: 1/75 [Menkaure (11)]
  5365 | D:5      | Slain by Menkaure

Skill      XL: |  1  2  3  4  5  6  7 |
---------------+----------------------+-----
Shields        | 3 4 |  4.4
Dodging        | 3 4 |  4.0
Axes           | 3 5 |  5.9
Fighting       | 5 6 |  6.3
Throwing       | |  0.5
Stealth        | |  0.2

Action                   |  1- 3 |  4- 6 |  7- 9 || total
-------------------------+-------+-------+-------++-------
Melee: War axe           |   113 |   101 |    21 ||   235
       Hand axe          |       |       |    79 ||    79
Throw: Javelin           |       |     5 |     1 ||     6
  Use: Potion            |       |     1 |     2 ||     3
  Eat: Chunk             |     2 |     8 |     4 ||    14
Armor: Robe              |    20 |    20 |    14 ||    54
Dodge: Dodged            |    41 |    45 |    26 ||   112
Block: Shield            |    53 |    58 |    34 ||   145
